AoeStats
← Merlyah

Arabia

510364229Analyzed
1v1 RM · 3d ago on Sep 30, 2026· 48m 56s· 2 players
Game mode
Random Map
Map size
Tiny (2 player)
Population
200
Speed
Normal
Resources
Standard
Victory
Conquest
Starting age
Dark Age
Ending age
Imperial Age
RankedLock teamsTeams togetherTeam positionsShared explorationLock speedFull tech treeHidden civsTurbo modeCheats
Victory
Defeat
🇧🇴 Bulgarians · Bolivia
950
+15
🇩🇪 Mongols · Germany
922
-15
Merlyah
9:22 Loom
11:07 Feudal Age
15:04 Horse Collar
26:52 Castle Age
24:58 Double-Bit Axe
29:11 Fletching
29:22 Scale Mail Armor
30:29 Forging
31:05 Wheelbarrow
30:27 Gold Mining
31:17 Chain Mail Armor
32:44 Pikeman
33:46 Elite Skirmisher
36:43 Squires
37:22 Bodkin Arrow
38:57 Bloodlines
40:01 Husbandry
40:43 Scale Barding Armor
41:07 Town Watch
41:59 Iron Casting
46:30 Imperial Age
44:45 Murder Holes
45:10 Ballistics
Edpaca
9:36 Loom
12:16 Feudal Age
13:34 Fletching
14:34 Forging
15:12 Town Watch
16:30 Wheelbarrow
24:44 Castle Age
22:46 Double-Bit Axe
22:55 Stone Mining
23:39 Bloodlines
24:28 Horse Collar
25:01 Gold Mining
27:20 Coinage
33:38 Hand Cart
33:23 Town Patrol
35:11 Stirrups
36:55 Ballistics
36:32 Murder Holes
36:47 Masonry
40:52 Imperial Age
38:39 Bow Saw
39:10 Thumb Ring
41:18 Fervor
41:01 Heated Shot
42:24 Elite Konnik
44:46 Chemistry
43:52 Siege Engineers
43:48 Onager
44:55 Conscription
46:46 Parthian Tactics
48:17 Architecture
Connection lost

Rejoining the realm…

Still unreachable

The connection could not be restored.

Session expired

The server has moved on; the page needs a fresh start.